 Dungeon Sprint DCSS version 0.26-a0-737-g4e9f4955e2 (webtiles) character file.

Game seed: 11097262137032810980

275 sahdkjhfkaj the Unseen (level 6, -3/24 HPs)
             Began as a Felid Enchanter on Nov 4, 2020.
             Was an Elder of Dithmenos.
             Killed by nerve-wracking pain
             ... invoked by an orc priest
              (13 damage)
             ... in the Dungeon (Sprint VII: "The Pits").
             The game lasted 00:03:26 (753 turns).

sahdkjhfkaj the Unseen (Felid Enchanter)             Turns: 753, Time: 00:03:27

Health: -3/24      AC:  2    Str:  4    XL:     6   Next: 3%
Magic:  1/11       EV: 19    Int: 17    God:    Dithmenos [****..]
Gold:   0          SH:  0    Dex: 18    Spells: 4/10 levels left
                                        Lives:  0   Deaths: 1

rFire    . . .     SeeInvis +     - Unarmed
rCold    . . .     Faith    .   (shield unavailable)
rNeg     . . .     Spirit   .   (armour unavailable)
rPois    .         Reflect  .   (helmet unavailable)
rElec    .         Harm     .   (cloak unavailable)
rCorr    .         Rampage  .   (gloves unavailable)
MR       .....     NoTele   +   (boots unavailable)
Stlth    ++++++++++             (no amulet)
HPRegen  0.08/turn              (no ring)
MPRegen  0.12/turn              (no ring)

@: very slightly contaminated, wreathed by umbra, quick
A: very small, no armour, no weapons or thrown items, stealth, claws 1, fangs 3,
see invisible, speed 1, shaggy fur 2, sharp paws
a: Shadow Step, Renounce Religion


You were in the Dungeon.
You worshipped Dithmenos.
Dithmenos was greatly pleased with you.
You visited 1 branch

Inventory:

Scrolls
 f - 3 scrolls of remove curse {!r}
 h - 5 scrolls of amnesia {!r}
 i - a scroll of summoning {!r}
 j - 2 scrolls of vulnerability {!r}
Potions
 a - 2 potions of berserk rage {!q}
 b - 6 potions of curing {!q}
 c - 2 potions of invisibility {!q}
 d - a potion of haste {!q}
 e - 4 potions of magic {!q}
 k - 5 potions of heal wounds {!q}


   Skills:
 + Level 3.7 Dodging
 + Level 17.9 Stealth
 + Level 2.1 Unarmed Combat
 + Level 2.7 Spellcasting
 * Level 6.1 Hexes


You had 4 spell levels left.
You knew the following spells:

 Your Spells              Type           Power        Failure   Level
a - Ensorcelled Hibernat  Hex/Ice        ##....       8%          2
c - Corona                Hex            ###....      1%          1
T - Confusing Touch       Hex            ###.....     4%          3

Your spell library contained the following spells:

 Spells                   Type           Power        Failure   Level
 Tukima's Dance           Hex            ###.....     4%          3
 Dazzling Flash           Conj/Hex       ##....       16%         3


Dungeon Overview and Level Annotations

Branches:
Dungeon (1/1)

Altars:
Ashenzari
Cheibriados
Dithmenos
Elyvilon
Fedhas
Gozag
Hepliaklqana
Kikubaaqudgha
Makhleb
Nemelex Xobeh
Okawaru
Qazlal
Ru
Sif Muna
Trog
Uskayaw
Vehumet
Wu Jian
Xom
Yredelemnul
Zin
The Shining One
Beogh
Jiyva
Lugonu


Innate Abilities, Weirdness & Mutations

You cannot wear armour.
You are incapable of wielding weapons or throwing items.
Your paws allow you to move quietly. (Stealth)
You have sharp claws.
You have razor-sharp teeth.
You have supernaturally acute eyesight. (SInv)
You cover ground quickly.
You are covered in thick fur. (AC +2)
Your sharp claws are effective at attacking unaware monsters.


Message History

The orc priest mumbles some strange prayers to Beogh against you.
You resist with significant effort.
You scratch the orc priest.
The orc priest is lightly wounded.
Your shadow barely misses the orc priest.
The orc priest closely misses you.
You scratch the orc priest but do no damage.
The orc priest is lightly wounded.
You scratch the orc priest.
The orc priest is moderately wounded.
The orc priest misses you.
You completely miss the orc priest.
The orc priest is moderately wounded.
The orc priest completely misses you.
You scratch the orc priest. Your bite misses the orc priest.
The orc priest is moderately wounded.
The orc priest mumbles some strange prayers to Beogh against you.
Pain shoots through your body!
Ouch! That really hurt!
You die...

#_________.#
#_________.#
#_______...###########++
##########'##...........
#..(.')))'.##......#..#.
##########.##...........
#..†........÷...........
#'#####o#####......#..#.
#.#..#)@#[[##...........
#.#..)).#))#####'#####++
#.#..####))##.......#
#.#..#..#))##.......#
#.#..#..#..##.......#
#.##(#..#'###...<...#
#.#........##.......#
#.#........##.......#
#+###########.......#


You could see an orc priest.

Vanquished Creatures
  A flying skull (D)
  A phantom (D)
  An orc priest (D)
  An iron imp (D)
  2 orc wizards (D)
  2 worker ants (D)
  A gnoll (D)
  An orc (D)
  2 hobgoblins (D)
  2 quokkas (D)
  A kobold (D)
  A rat (D)
16 creatures vanquished.

Notes
Turn   | Place    | Note
-------+----------+-------------------------------------------
     0 | D        | sahdkjhfkaj the Felid Enchanter began the quest for the
                  | Orb.
     0 | D        | Reached XP level 1. HP: 7/7 MP: 4/4
    11 | D        | Noticed a worker ant
    20 | D        | Killed a worker ant
    20 | D        | Reached skill level 9 in Stealth
    20 | D        | Reached XP level 2. HP: 11/11 MP: 6/6
    24 | D        | Found a bloodstained altar of Trog.
    24 | D        | Found a shimmering blue altar of Sif Muna.
    24 | D        | Found a viscous altar of Jiyva.
    24 | D        | Found a hazy altar of Hepliaklqana.
    24 | D        | Found an opulent altar of Gozag.
    25 | D        | Found a glowing golden altar of the Shining One.
    25 | D        | Found a glowing silver altar of Zin.
    25 | D        | Found a basalt altar of Yredelemnul.
    25 | D        | Found a shimmering altar of Xom.
    25 | D        | Found an ornate altar of the Wu Jian Council.
    25 | D        | Found a sacrificial altar of Ru.
    25 | D        | Found a stormy altar of Qazlal.
    25 | D        | Found an iron altar of Okawaru.
    25 | D        | Found a sparkling altar of Nemelex Xobeh.
    25 | D        | Found a burning altar of Makhleb.
    25 | D        | Found a blossoming altar of Fedhas.
    25 | D        | Found a white marble altar of Elyvilon.
    25 | D        | Found a shadowy altar of Dithmenos.
    25 | D        | Found a snail-covered altar of Cheibriados.
    26 | D        | Found a radiant altar of Vehumet.
    26 | D        | Found a corrupted altar of Lugonu.
    26 | D        | Found a roughly hewn altar of Beogh.
    27 | D        | Found a hide-covered altar of Uskayaw.
    27 | D        | Found an ancient bone altar of Kikubaaqudgha.
    27 | D        | Found a broken altar of Ashenzari.
    82 | D        | Became a worshipper of Dithmenos the Shadowed
   141 | D        | Learned a level 2 spell: Ensorcelled Hibernation
   143 | D        | Reached * piety under Dithmenos
   143 | D        | Reached XP level 3. HP: 14/14 MP: 4/7
   146 | D        | Reached skill level 10 in Stealth
   267 | D        | Reached ** piety under Dithmenos
   286 | D        | Learned a level 3 spell: Confusing Touch
   323 | D        | Reached skill level 11 in Stealth
   323 | D        | Reached XP level 4. HP: 7/18 MP: 2/8
   547 | D        | Noticed a wolf
   547 | D        | Noticed a phantom
   547 | D        | Noticed a flying skull
   550 | D        | Reached *** piety under Dithmenos
   550 | D        | Reached skill level 12 in Stealth
   555 | D        | Killed a flying skull
   555 | D        | Reached skill level 16 in Stealth
   555 | D        | Reached XP level 5. HP: 21/21 MP: 9/9
   556 | D        | Reached skill level 17 in Stealth
   556 | D        | Gained mutation: You are covered in thick fur. (AC +2)
                  | [Felid growth]
   556 | D        | Reached XP level 6. HP: 24/24 MP: 10/10
   584 | D        | Slain by a phantom
   585 | D        | Reached XP level 5. HP: -1/21 MP: 7/9
   600 | D        | Killed a phantom
   600 | D        | Reached **** piety under Dithmenos
   600 | D        | Reached skill level 5 in Hexes
   741 | D        | Reached XP level 6. HP: 13/24 MP: 1/11
   753 | D        | Killed from afar by an orc priest

Illustrated notes

Levels and vault maps discovered:
D:        pitsprint [storerooms_1, entrance_room_1, metal_vault_7, armoury_2,
          mini_pit_1, grid_room_1, main_hall_1, silver_pit, the_coven_2,
          the_vestibule_1, steel_vault_3, golden_pit, hallway_of_sentries,
          crystal_vault_1, iron_vault_2, final_vault]

Skill      XL: |  1  2  3  4  5 |
---------------+----------------+-----
Stealth        | 9 11 16 17 | 17.9
Dodging        | 3 |  3.7
Hexes          | 6 |  6.1
Unarmed Combat | 2 |  2.1
Spellcasting   | |  2.7

Action                   |  1- 3 |  4- 6 || total
-------------------------+-------+-------++-------
Melee: Unarmed           |    27 |    29 ||    56
       Bite              |     1 |     3 ||     4
 Cast: Ensorcelled Hiber |     5 |     3 ||     8
       Confusing Touch   |     1 |     2 ||     3
  Use: Potion            |     2 |       ||     2
       Scroll            |       |     1 ||     1
 Stab: Sleeping          |     6 |     5 ||    11
       Confused          |     1 |     2 ||     3
Armor: Skin              |     1 |       ||     1
Dodge: Dodged            |    19 |    14 ||    33

Table legend: (Time is in decaauts)
 A = Elapsed time spent in this place.
 B = Non-inter-level travel time spent in this place.
 C = Inter-level travel time spent in this place.
 D = Time resting spent in this place.
 E = Time spent auto-exploring this place.
 F = Levels seen in this place.
 G = Mean time per level.
                   A        B        C        D        E       F      G
               +--------+--------+--------+--------+--------+-----+--------+
         Total |    722 |    706 |     16 |    464 |      0 |   1 |  722.0 |
       Dungeon |    722 |    706 |     16 |    464 |      0 |   1 |  722.0 |
               +--------+--------+--------+--------+--------+-----+--------+

Top non-repeatable levels by time:
       D: 722 daAuts
